Semilg, neutral male human Priest ----- --- ----|...-- ---- -- -- ---.--- -----|..--....| --..------ --.--.-- |.)...---.|.--........| |....|...-- |.......-----|.............<......- --........-- -- -- |...........----.................-| --..........--.-- ....--- --- |............>..*...).........| |.....).....d@G.......?...- ----.....%--......---.........-- |.....--`....*........-- --.......--.-%%----%.[.......| --...-||..............| |...........................-- ---..|--............-- |.....%.------------........| --- --..| |.......---.-- |........- --...--.------ --.---...| --......| -----......| |..--|...|-.-- |........| ...|.--- |......- --.. ---.|...|--........---..---- -.......| ---- --.....--..............-- .......*- |.......................| ----..... --.|...---..........--..| ....- ------- |..........|---- --.-- --.|....---- -- ----.--- --- Semilg the Acolyte Experience level: 5 Strength: 10 Dexterity: 13 Constitution: 13 Intelligence: 19 Wisdom: 11 Charisma: 9 Health: 0(40) Energy: 32(32) Def: 5 Gold: 458 Moves: 1888 Dungeon seed: Q2SLSiQfxCkItH3_ Game ID: Semilg_1552754857 Your Inventory: Coins $ - 458 gold pieces Weapons a - a blessed +1 mace (weapon in hand) j - an uncursed +0 orcish bow l - 11 blessed +0 darts G - an uncursed +0 boomerang H - 8 uncursed +2 darts Armor e - an uncursed +0 robe (being worn) r - an uncursed +0 helmet (being worn) y - an uncursed +0 pair of iron shoes N - an uncursed +0 dwarvish roundshield (being worn) Comestibles z - an uncursed tripe ration Scrolls k - an uncursed scroll of scare monster w - an uncursed scroll of scare monster B - an uncursed scroll of remove curse L - an uncursed scroll of teleportation Spellbooks g - an uncursed spellbook of detect monsters h - an uncursed spellbook of light Potions b - 4 potions of holy water C - an uncursed potion of water D - an uncursed potion of monster detection Rings u - an uncursed ring of fire resistance (on left hand) Wands f - an uncursed wand of cancellation (0:1) m - an uncursed wand of fire (0:4) A - an uncursed wand of enlightenment (0:15) Tools i - an uncursed magic marker (0:67) p - an uncursed towel E - an uncursed magic whistle I - an uncursed tallow candle (0:200) J - an uncursed bag of tricks (0:7) Spells and supernatural/magical abilities: Name Level Category Fail Memory l - light 1 divination 57% 91% n - detect monsters 1 divination 57% 91% W - pray for help -- divine ? -- X - turn undead -- divine ? -- Your skills at the end: Miscellaneous Skills shield [Basic] wands [Basic] Weapon Skills mace [Basic] Spellcasting Skills clerical spells [Basic] Final Attributes: You were devoutly aligned. You were fire resistant. You were somewhat stealthy. You are dead. Vanquished creatures: a gnome king a bugbear a shrieker 2 gnome lords a gnomish wizard 4 dwarves a kobold lord 3 hill orcs an orc zombie 2 hobbits 2 geckos a giant rat 3 cave spiders a brown mold a yellow mold 15 gnomes 8 jackals 4 newts 3 goblins a grid bug a lichen a kobold zombie 58 creatures vanquished. Voluntary challenges: You did not cause conflict. You were not invisible. You did not have reflection. You were not displaced. You were an atheist. You used a wielded weapon 64 times, starting on turn 16. You did not use tools. You did not use plumbed fixtures. You did not drink any magical draughts. You read items or engraved 1 time, starting on turn 922. You never genocided any monsters. You never polymorphed an object. You never changed form. You used no wishes. You never split a pudding. You never wrote Elbereth's name. You never violated your personal moral code. Dungeon overview: The Dungeons of Doom: levels 1 to 4 Level 1 a long staircase Level 2 a fountain Level 3 stairs to The Gnomish Mines Level 4 The Gnomish Mines: levels 4 to 6 Level 4 stairs to The Dungeons of Doom Level 5 <- You were here Level 6 History has recorded: On T:1 you entered the Dungeons of Doom to retrieve the Amulet of Yendor! On T:66 you reached level 2 of The Dungeons of Doom. On T:552 you reached level 3 of The Dungeons of Doom. On T:794 you advanced to experience level 2. On T:834 you reached level 4 of The Dungeons of Doom. On T:884 you reached level 1 of The Gnomish Mines. On T:1307 you advanced to experience level 3. On T:1320 you advanced to experience level 4. On T:1530 you reached level 2 of The Gnomish Mines. On T:1753 you advanced to experience level 5. On T:1776 you reached level 3 of The Gnomish Mines. Score breakdown: Gold: 458 ( 45 points) Experience: 5 levels ( 400 points) Exploration: 6 levels ( 150 points) Discoveries: 2 items ( 100 points) Variety of kills: 22 monsters ( 1100 points) Major goal: (nothing yet) ( 0 points) Survival: died (score multiplied by 3) Total score: 5385 Latest messages: You stop exploring. The gnome punches you! ÁŸÿ bites the gnome. The gnome is killed! You displace ÁŸÿ. The gnome king throws 2 darts! You stop exploring. You are hit by the 1st dart. You are almost hit by the 2nd dart. H - an uncursed dart. Click! ÁŸÿ triggers something. The boulder hits ÁŸÿ! The gnome king just misses! You hit the gnome king! The gnome king punches you! You hit the gnome king. The gnome king punches you! You hit the gnome king! The gnome king punches you! You die... Final status: Goodbye Semilg the Priest, killed by a gnome king... You died in The Gnomish Mines on dungeon level 5 with 5385 points, and 458 pieces of gold, after 1888 moves. You were level 5 with a maximum of 40 hit points when you died.